 Dungeon Crawl Stone Soup version 0.28.0 (webtiles) character file.

Game seed: 2339189471649145569

16165 Illumine the Fighter (level 12, 0/97 HPs)
             Began as a Mummy Cinder Acolyte on Feb 11, 2022.
             Was a High Priest of Ignis.
             Slain by a two-headed ogre (12 damage)
             ... on level 11 of the Dungeon.
             The game lasted 00:31:28 (15355 turns).

Illumine the Fighter (Mummy Cinder Acolyte)        Turns: 15355, Time: 00:31:28

Health: 0/97       AC:  6    Str: 18    XL:     12   Next: 7%
Magic:  18/23      EV: 12    Int: 18    God:    Ignis [*****.]
Gold:   253        SH:  5    Dex:  7    Spells: 16/26 levels left

rFire   + + .      SeeInvis .   p - +3 spear (venom)
rCold   + . .      Faith    .   (no shield)
rNeg    + + +      Spirit   .   d - +0 robe {rF+}
rPois   ∞          Reflect  +   (no helmet)
rElec   .          Harm     .   (no cloak)
rCorr   .          Rampage  .   s - +0 pair of gloves
Will    +....                   B - +2 pair of boots of the Realm of Zot {rC+}
Stlth   +.........              E - amulet of reflection
HPRegen 0.26/turn               F - ring of fire
MPRegen 0.18/turn               r - +4 ring of slaying

@: no status effects
A: cold resistance 1, negative energy resistance 3, torment resistance 2, heat
vulnerability 1, no potions
a: Renounce Religion, Fiery Armour, Foxfire Swarm


You were on level 11 of the Dungeon.
You worshipped Ignis.
Ignis was extremely pleased with you.
You visited 3 branches of the dungeon, and saw 14 of its levels.

You collected 539 gold pieces.
You spent 286 gold pieces at shops.

Inventory:

Hand Weapons
 a - a -1 spear of flaming
 c - a +0 short sword of speed
 p - a +3 spear of venom (weapon)
Armour
 d - a +0 robe of fire resistance (worn)
 s - a +0 pair of gloves (worn)
 B - the +2 pair of boots of the Realm of Zot (worn) {rC+}
   (You bought it in a shop on level 3 of the Dungeon)

   rC:        It protects you from cold.
 C - a +2 robe of willpower
Magical Staves
 f - a staff of cold
 j - a staff of conjuration
 t - a staff of death
 v - a staff of air
Jewellery
 h - an amulet of faith
 i - an amulet of regeneration
 o - a +6 ring of strength
 r - a +4 ring of slaying (right hand)
 E - an amulet of reflection (around neck)
 F - a ring of fire (left hand)
 I - a ring of magical power
Wands
 g - a wand of flame (15)
 k - a wand of paralysis (34)
 q - a wand of iceblast (9)
 x - a wand of mindburst (24)
 A - a wand of polymorph (13)
Scrolls
 b - 2 scrolls of magic mapping
 e - 2 scrolls of enchant weapon
 l - 3 scrolls of teleportation
 m - 2 scrolls of vulnerability
 n - 2 scrolls of blinking {unknown}
 u - a scroll of amnesia {unknown}
 w - a scroll of brand weapon {unknown}
 y - 2 scrolls of fog {unknown}
 z - a scroll of fear {unknown}
 D - a scroll of immolation {unknown}
 G - a scroll of torment {unknown}
 H - 2 scrolls of holy word {unknown}


   Skills:
 + Level 9.6 Fighting
 - Level 3.6 Polearms
 + Level 5.6 Dodging
 - Level 7.5 Spellcasting
 + Level 7.7 Conjurations
 + Level 8.7 Fire Magic
 - Level 5.0 Evocations


You had 16 spell levels left.
You knew the following spells:

 Your Spells              Type           Power      Damage    Failure   Level
a - Scorch                Fire           100%       2d10      1%          2
b - Foxfire               Conj/Fire      100%       2x1d9     1%          1
c - Conjure Flame         Conj/Fire      53%        6-21      1%          3
d - Flame Wave            Conj/Fire      53%        2d11      3%          4

Your spell library contained the following spells:

 Spells                   Type           Power      Damage    Failure   Level
 Magic Dart               Conj           100%       1d8       1%          1
 Searing Ray              Conj           68%        2d6       1%          2
 Inner Flame              Hex/Fire       33%        N/A       5%          3
 Dazzling Flash           Conj/Hex       40%        N/A       6%          3
 Blink                    Tloc           12%        N/A       16%         2
 Corpse Rot               Necr/Air       12%        N/A       16%         2
 Poisonous Vapours        Pois/Air       12%        N/A       16%         2
 Fulminant Prism          Conj/Hex       10%        3d9       21%         4
 Cause Fear               Hex            3%         N/A       71%         4
 Agony                    Necr           6%         N/A       96%         5
 Manifold Assault         Tloc           6%         N/A       96%         5
 Silence                  Hex/Air        3%         N/A       96%         5
 Summon Hydra             Summ           3%         N/A       100%        7
 Dragon's Call            Summ           3%         N/A       100%        9
 Sublimation of Blood     Necr           Unusable   N/A       N/A         2
 Wereblood                Tmut           Unusable   N/A       N/A         2
 Dragon Form              Tmut           Unusable   N/A       N/A         7
 Storm Form               Tmut/Air       Unusable   N/A       N/A         7

Dungeon Overview and Level Annotations

Branches:
Dungeon (11/15)            Temple (0/1) D:6            Lair (2/6) D:8
    Orc (1/2) D:9
  Swamp: Lair:2-4    Shoals: Lair:2-4     Snake: Lair:2-4    Spider: Lair:2-4

Altars:
Ashenzari
Dithmenos
Gozag
Hepliaklqana
Makhleb
Okawaru
Qazlal
Ru
Sif Muna
Uskayaw
Vehumet
Wu Jian
Xom
Yredelemnul
Zin

Shops:
D:3 ![!?

Annotations:
D:8 2 runed translucent doors, exclusion: orange crystal statue
D:9 3 runed translucent doors, da312102's ghost, weakling HuDe


Innate Abilities, Weirdness & Mutations

You are immune to poison.
Your flesh is cold resistant. (rC+)
You are immune to negative energy. (rN+++)
You are immune to unholy pain and torment.
You are vulnerable to heat. (rF-)
You do not drink.


Message History

There is a stone staircase leading down here.
You climb downwards.
Found a leather armour.
There is a stone staircase leading up here.
A two-headed ogre and a troll come into view.
There is a stone staircase leading up here.
Casting: Scorch (safe; 1% risk of failure)
Confirm with . or Enter, or press ? or * to list all spells.
You feel a surge of power!
The fire begins to smoulder!
The fire ignites!
Casting: Conjure Flame (safe; 1% risk of failure)
Confirm with . or Enter, or press ? or * to list all spells.
You feel a surge of power!
Flames lash the troll.
The troll is moderately wounded.
The troll's fire resistance burns away.
Casting: Scorch (safe; 1% risk of failure)
Confirm with . or Enter, or press ? or * to list all spells.
You feel a surge of power!
Flames lash the troll.
The troll is burned terribly!
The troll is severely wounded.
You reach to attack!
You puncture the troll!
The troll is poisoned.
The troll is almost dead.
You reach to attack!
You closely miss the troll.
The troll is almost dead.
You hit the two-headed ogre.
The two-headed ogre is poisoned.
The two-headed ogre is lightly wounded.
The two-headed ogre is engulfed in blazing flames.
The two-headed ogre hits you with a +0 giant club!!
The two-headed ogre hits you with a +0 giant spiked club!!
You hit the two-headed ogre.
The two-headed ogre looks as sick as possible!
The two-headed ogre is moderately wounded.
You hit the two-headed ogre.
The two-headed ogre looks as sick as possible!
The two-headed ogre is heavily wounded.
You kill the troll!
The two-headed ogre is engulfed in blazing flames.
The two-headed ogre hits you with a +0 giant club!!
* * * LOW HITPOINT WARNING * * *
The two-headed ogre hits you with a +0 giant spiked club!
You die...

#+# #.#
#@#
####O##
#...<.#
#.....#
#.....#
#.....#
#.......#
###...[.#
#.....#


You could see a two-headed ogre (extremely poisoned).

Vanquished Creatures
  A hydra (Lair:1)
  A centaur warrior (D:9)
  2 two-headed ogres
  3 death yaks (Lair:2)
  A kobold demonologist (D:8)
  2 cane toads (Lair:1)
  A troll (D:11)
  9 blink frogs (Lair:1)
  24 yaks
  A wyvern (Lair:1)
  A wraith (D:10)
  A steam dragon (D:9)
  A basilisk (Lair:1)
  A warg (D:9)
  2 water moccasins (Lair:1)
  Duvessa (D:6)
  2 sky beasts
  A hornet zombie (D:6)
  6 orc warriors
  A swamp drake (D:9)
  2 black bears
  2 centaurs
  3 necrophages
  An ogre (D:9)
  4 bullfrogs
  17 kobold brigands
  Blork the orc (D:6)
  5 scorpions
  A wyvern zombie (D:9)
  Dowan (D:6)
  A wight (D:7)
  5 centaur zombies
  2 hounds
  A centaur skeleton (D:7)
  6 orc priests
  A jelly (D:7)
  3 iguanas
  6 orc wizards
  A killer bee zombie (D:7)
  A howler monkey zombie (D:9)
  11 adders
  3 gnolls (D:5)
  5 white imps
  An ufetubus (D:3)
  2 worms (D:2)
  2 dart slugs
  34 orcs
  6 ball pythons
  11 bats
  6 endoplasms
  9 goblins
  12 hobgoblins
  3 jackals (D:2)
  3 quokkas
  A frilled lizard (D:1)
  A jackal skeleton (D:4)
  22 kobolds
  5 rats
263 creatures vanquished.

Vanquished Creatures (others)
  An orc wizard (D:6)
  22 foxfires
  4 fungi
  4 plants
31 creatures vanquished.

Grand Total: 294 creatures vanquished

Notes
Turn   | Place    | Note
-------+----------+-------------------------------------------
     0 | D:1      | Illumine the Mummy Cinder Acolyte began the quest for the
                  | Orb.
     0 | D:1      | Reached XP level 1. HP: 18/18 MP: 2/2
   201 | D:1      | Reached XP level 2. HP: 24/24 MP: 4/4
   204 | D:1      | Learned a level 2 spell: Scorch
   729 | D:1      | Found a faded altar of an unknown god.
   772 | D:1      | Reached XP level 3. HP: 29/29 MP: 5/5
  1864 | D:2      | Reached XP level 4. HP: 35/35 MP: 3/7
  2527 | D:3      | Found an ornate altar of the Wu Jian Council.
  2674 | D:3      | Found Nupuc's Magic Scroll Shoppe.
  2737 | D:3      | Bought a scroll of identify for 22 gold pieces
  2775 | D:3      | Found Dialoc's Antique Armour Shoppe.
  2813 | D:3      | Bought an embroidered robe for 74 gold pieces
  2829 | D:3      | Found a radiant altar of Vehumet.
  2960 | D:3      | Found a faded altar of an unknown god.
  2967 | D:3      | Found Waokyesk's Distillery.
  3058 | D:3      | Found a hide-covered altar of Uskayaw.
  3076 | D:3      | Reached XP level 5. HP: 41/41 MP: 2/9
  3140 | D:3      | Found Quveott's Distillery.
  3411 | D:3      | Found a broken altar of Ashenzari.
  3484 | D:3      | Found a hide-covered altar of Uskayaw.
  3523 | D:3      | Found an iron altar of Okawaru.
  3523 | D:3      | Found a shimmering altar of Xom.
  3525 | D:3      | Found a shimmering altar of Xom.
  3525 | D:3      | Found an opulent altar of Gozag.
  3650 | D:3      | Found a sacrificial altar of Ru.
  4299 | D:4      | Learned a level 1 spell: Foxfire
  4303 | D:4      | Learned a level 3 spell: Conjure Flame
  4496 | D:4      | Found a burning altar of Makhleb.
  4540 | D:4      | Found a stormy altar of Qazlal.
  4543 | D:4      | Noticed a water elemental
  4613 | D:4      | Noticed a necrophage
  4619 | D:4      | Killed a necrophage
  4620 | D:4      | Reached skill level 1 in Conjurations
  4620 | D:4      | Reached XP level 6. HP: 47/47 MP: 5/12
  4650 | D:5      | Entered Level 5 of the Dungeon
  4910 | D:4      | Noticed an air elemental
  4910 | D:4      | Noticed a fire elemental
  5336 | D:5      | Reached XP level 7. HP: 48/52 MP: 5/14
  5428 | D:5      | Reached skill level 5 in Spellcasting
  5984 | D:5      | Found a shadowy altar of Dithmenos.
  5984 | D:5      | Noticed a shadow
  5988 | D:5      | Found a hazy altar of Hepliaklqana.
  6059 | D:5      | Reached skill level 4 in Fighting
  6286 | D:5      | Learned a level 4 spell: Flame Wave
  6643 | D:6      | Noticed Blork the orc
  6807 | D:6      | Found a staircase to the Ecumenical Temple.
  6848 | D:6      | Reached XP level 8. HP: 46/61 MP: 9/16
  6864 | D:6      | Noticed Duvessa
  6865 | D:6      | Noticed Dowan
  6892 | D:7      | Reached skill level 5 in Fire Magic
  7107 | D:7      | Reached skill level 5 in Fighting
  7589 | D:7      | Reached XP level 9. HP: 69/69 MP: 10/19
  7892 | D:8      | Reached skill level 6 in Fighting
  7965 | D:8      | Found a runed translucent door.
  7968 | D:8      | Found the +10 tower shield of Ignorance {rN+ Int-4}
  8105 | D:8      | Found a runed translucent door.
  8106 | D:8      | Noticed an orange crystal statue
  8335 | D:3      | Bought a pair of faintly humming boots for 190 gold pieces
  8335 | D:3      | Identified the +2 pair of boots of the Realm of Zot {rC+}
                  | (You bought it in a shop on level 3 of the Dungeon)
  8507 | D:6      | Killed Blork the orc
  8633 | D:6      | Killed Dowan
  8635 | D:6      | Killed Duvessa
  8745 | D:6      | Found an iron altar of Okawaru.
  9561 | D:6      | Reached skill level 5 in Conjurations
  9605 | D:6      | Found a basalt altar of Yredelemnul.
  9959 | D:8      | Found a staircase to the Lair.
  9989 | Lair:1   | Entered Level 1 of the Lair of Beasts
 10088 | Lair:1   | Noticed a seven-headed hydra
 10111 | Lair:1   | Killed a seven-headed hydra
 10112 | Lair:1   | Reached skill level 7 in Fighting
 10112 | Lair:1   | Reached skill level 1 in Dodging
 10112 | Lair:1   | Reached skill level 1 in Evocations
 10342 | Lair:1   | Reached XP level 10. HP: 18/79 MP: 12/21
 10350 | Lair:1   | HP: 1/79 [water moccasin (5)]
 10730 | Lair:1   | Noticed a cane toad
 10742 | Lair:1   | Killed a cane toad
 10852 | Lair:1   | You fall into a shaft and drop 1 floor!
 10853 | Lair:2   | Noticed a death yak
 10855 | Lair:2   | Noticed a death yak
 10882 | Lair:2   | Killed a death yak
 10886 | Lair:2   | Killed a death yak
 11010 | Lair:2   | Noticed a death yak
 11038 | Lair:2   | Killed a death yak
 11039 | Lair:2   | Reached skill level 8 in Fighting
 11149 | Lair:2   | Noticed a death yak
 11330 | Lair:1   | Noticed a cane toad
 11336 | Lair:1   | Killed a cane toad
 11548 | Lair:1   | Reached XP level 11. HP: 75/86 MP: 1/22
 12339 | D:9      | Found a large runed translucent door.
 12339 | D:9      | Found a large runed translucent door.
 12342 | D:9      | Noticed da312102's ghost (weakling HuDe)
 12366 | D:9      | Found a shimmering blue altar of Sif Muna.
 12799 | D:9      | Noticed a two-headed ogre
 12815 | D:9      | Killed a two-headed ogre
 12816 | D:9      | Reached skill level 9 in Fighting
 12857 | D:9      | Noticed a centaur warrior
 12868 | D:9      | Killed a centaur warrior
 12991 | D:9      | Found a broken altar of Ashenzari.
 13029 | D:9      | Reached skill level 5 in Evocations
 13086 | D:9      | Found a runed translucent door.
 13310 | D:9      | Reached skill level 5 in Dodging
 13464 | D:9      | Found a staircase to the Orcish Mines.
 13743 | Orc:1    | Entered Level 1 of the Orcish Mines
 14002 | D:10     | Entered Level 10 of the Dungeon
 14509 | D:10     | Noticed a two-headed ogre
 14529 | D:10     | Killed a two-headed ogre
 14530 | D:10     | Reached XP level 12. HP: 96/96 MP: 14/23
 15339 | D:11     | Noticed a two-headed ogre
 15355 | D:11     | Slain by a two-headed ogre

Illustrated notes

Levels and vault maps discovered:
D:1:      minmay_arrival_shoal_huts, layout_basic,
          dreamdust_ecumenical_altar_grove, st_stairs_1
D:2:      layout_rooms
D:3:      layout_loops_cross, nicolae_overflow_ecumenical_swirl,
          old_standard_altar, mainiacjoe_overflow_concentric_impassable,
          mainiacjoe_overflow_swirl, doesnt_xom_only_xom, serial_shops, shop,
          nicolae_shop_behind_doors, nicolae_shop_trees, shop,
          chequers_serial_rivers_micro_c
D:4:      layout_cave_pools, marbit_many_paths, nicolae_qazlal_style_of_elements
D:5:      layout_gridville, riverfiend_overflow_shadow_ancestor,
          minmay_misc_feat_chi
D:6:      layout_layer_cave, okawaru_altar_gauntlet_db, kennysheep_little_box,
          minmay_temple_entry_junction_2, uniq_duvessa, uniq_blork_the_orc
D:7:      layout_rooms, grunt_tough_drop
D:8:      layout_loops_cross, dpeg_oklobed_lair, special_room
          [special_room_kobold], serial_bayou_pond_e,
          chequers_guarded_unrand_ignorance
D:9:      layout_loops_ring, erik_orc_1, ebering_ghost_disaster_area,
          minmay_st_funbox, hangedman_feature_mirror
D:10:     layout_loops_corners
D:11:     layout_roguey, serial_shops, shop_fountains
Lair:1:   layout_cave_pods
Lair:2:   layout_chaotic_city, grunt_megastairs_2
Orc:1:    cheibrodos_orc_arena, layout_caves, serial_shops,
          nicolae_shop_hallway_stairs, minmay_orc_barracks

Skill      XL: |  1  2  3  4  5  6  7  8  9 10 11 |
---------------+----------------------------------+-----
Polearms       | 3 |  3.6
Spellcasting   | 2 3 4 5 7 |  7.5
Fire Magic     | 3 4 5 6 7 8 |  8.7
Conjurations   | 1 2 4 5 6 7 |  7.7
Fighting       | 4 5 7 8 9 |  9.6
Dodging        | 1 3 5 |  5.6
Evocations     | 1 3 5 |  5.0

Action                   |  1- 3 |  4- 6 |  7- 9 | 10-12 || total
-------------------------+-------+-------+-------+-------++-------
Melee: Spear             |    94 |    53 |    67 |   336 ||   550
       Punch             |       |     1 |       |     3 ||     4
 Cast: Scorch            |    22 |    72 |   122 |   129 ||   345
       Foxfire           |       |    14 |     1 |       ||    15
       Flame Wave        |       |       |     2 |     1 ||     3
       Conjure Flame     |       |       |     7 |    16 ||    23
Invok: Rising Flame      |       |       |       |     1 ||     1
Evoke: Wand              |       |       |     2 |       ||     2
  Use: Scroll            |       |     2 |     5 |     2 ||     9
Armor: Robe              |    16 |     9 |    31 |    56 ||   112
Dodge: Dodged            |    48 |    48 |    65 |   109 ||   270
Block: Other             |       |       |       |    13 ||    13
       Reflection        |       |       |       |     1 ||     1
